 Dungeon Crawl Stone Soup version 0.24.0-1-gfbc8707122 (webtiles) character file.

Game seed: 1761135734692726575, levelgen mode: deterministic

42 Fingolfin the Skirmisher (level 3, 0/31 HPs)
             Began as a Centaur Wizard on Oct 28, 2019.
             Slain by a kobold
             ... wielding a +0 short sword of venom
              (2 damage)
             ... on level 2 of the Dungeon.
             The game lasted 00:04:07 (1147 turns).

Fingolfin the Skirmisher (Centaur Wizard)           Turns: 1147, Time: 00:04:08

Health: 0/31       AC:  5    Str: 10    XL:     3   Next: 33%
Magic:  6/6        EV:  7    Int: 17    God:
Gold:   48         SH:  2    Dex:  7    Spells: 3/6 levels left

rFire    . . .     SeeInvis .   e - +1 mace
rCold    . . .     Gourm    .   i - +0 buckler
rNeg     . . .     Faith    .   m - +0 ring mail
rPois    .         Spirit   .   b - +0 hat
rElec    .         Reflect  .   (no cloak)
rCorr    .         Harm     .   (no gloves)
MR       .....                  (no barding)
Stlth    ..........             (no amulet)
HPRegen  0.10/turn              (no ring)
MPRegen  0.10/turn              (no ring)

@: lethally poisoned (0 -> -40), very quick
A: large, hooves 3, deformed body, speed 2, tough skin 3
a: no special abilities


You were on level 2 of the Dungeon.
You were hungry.

You visited 1 branch of the dungeon, and saw 2 of its levels.

You collected 48 gold pieces.

Inventory:

Hand Weapons
 e - a +1 mace (weapon)
Armour
 b - a +0 hat (worn)
 i - a +0 buckler (worn)
 m - a +0 ring mail (worn)
Scrolls
 c - a scroll of teleportation
 f - a scroll of remove curse
 g - 2 scrolls of enchant weapon
Potions
 k - a potion of brilliance
Comestibles
 d - 3 rations


   Skills:
 + Level 3.1 Fighting
 - Level 1.3 Dodging
 - Level 1.1 Stealth
 - Level 2.4 Spellcasting
 - Level 0.8 Conjurations
   Level 0.8 Summonings
 - Level 0.8 Translocations


You had 3 spell levels left.
You knew the following spells:

 Your Spells              Type           Power        Failure   Level  Hunger
a - Magic Dart            Conj           #...         50%         1    #......
b - Blink                 Tloc           N/A          65%         2    ##.....

Your spell library contained the following spells:

 Spells                   Type           Power        Failure   Level  Hunger
 Call Imp                 Summ           #.......     65%         2    ##.....
 Slow                     Hex            #.......     77%         2    ##.....
 Conjure Flame            Conj/Fire      #.......     90%         3    ###....
 Mephitic Cloud           Conj/Pois/Air  #.......     91%         3    ###....


Dungeon Overview and Level Annotations

Branches:
Dungeon (2/15)

Altars:
Okawaru


Innate Abilities, Weirdness & Mutations

You have hooves in place of feet.
Armour fits poorly on your strangely shaped body.
You cover ground very quickly.
You have extremely tough skin. (AC +3)


Message History

Okay, then.
You feel sick.
The kobold hits you with a +0 short sword of venom.
You feel sick. The kobold hits you but does no damage.
You feel sick. The kobold hits you but does no damage.
You are more poisoned.
You feel very sick. The kobold hits you but does no damage.
You are more poisoned.
You feel very sick. The kobold barely misses you.
* * * LOW HITPOINT WARNING * * *
You feel sick.
The kobold hits you with a +0 short sword of venom.
* * * LOW HITPOINT WARNING * * *
You are more poisoned.
* * * LOW HITPOINT WARNING * * *
You feel very sick.
The kobold hits you with a +0 short sword of venom.
You die...

#....#
####.#
#)#
#.#
#.#
#.#
#.#
#K#
#@#
###


You could see a kobold.

Vanquished Creatures
  An adder (D:2)
  2 leopard geckos
  A ball python (D:1)
  7 bats
  A giant cockroach (D:1)
  2 goblins (D:1)
  4 hobgoblins
  3 kobolds (D:1)
  A quokka (D:2)
  2 frilled lizards (D:2)
  5 rats (D:1)
29 creatures vanquished.

Notes
Turn   | Place    | Note
-------+----------+-------------------------------------------
     0 | D:1      | Fingolfin the Centaur Wizard began the quest for the Orb.
     0 | D:1      | Reached XP level 1. HP: 14/14 MP: 3/3
    69 | D:1      | Reached skill level 1 in Fighting
   257 | D:1      | Reached XP level 2. HP: 24/24 MP: 1/5
   261 | D:1      | Learned a level 2 spell: Blink
   355 | D:1      | Reached skill level 2 in Fighting
   775 | D:2      | Found an iron altar of Okawaru.
   822 | D:2      | Reached XP level 3. HP: 14/30 MP: 6/6
   831 | D:2      | Reached skill level 3 in Fighting
  1147 | D:2      | Slain by a kobold

Levels and vault maps discovered:
D:1:      mrwooster_arrival_statue, layout_loops_ring
D:2:      layout_basic, lemuel_round_altar, uniq_jessica

Skill      XL: |  1  2  3 |
---------------+----------+-----
Fighting       | 1 2 3 |  3.1
Dodging        | |  1.3
Stealth        | |  1.1
Spellcasting   | |  2.4
Conjurations   | |  0.8
Summonings     | |  0.8
Translocations | |  0.8

Action                   || total
-------------------------++-------
Melee: Mace              ||   109
       Unarmed           ||     1
       Kick              ||     8
 Cast: Magic Dart        ||    10
  Use: Scroll            ||     4
       Potion            ||     2
Armor: Robe              ||    65
       Ring mail         ||    28
       Leather armour    ||     1
Dodge: Dodged            ||    72
Block: Buckler           ||     8
